 Dungeon Crawl Stone Soup version 0.22.0-18-ge075c0de6d (webtiles) character file.

90 Esekla the Vexing (level 4, -1/29 HPs)
             Began as an Octopode Arcane Marksman on Aug 19, 2018.
             Was an Initiate of Ashenzari.
             Slain by an iguana (11 damage)
             ... on level 4 of the Dungeon.
             The game lasted 00:17:42 (1871 turns).

Esekla the Vexing (Octopode Arcane Marksman)        Turns: 1871, Time: 00:17:42

Health: -1/29      AC:  1    Str:  9    XL:     4   Next: 56%
Magic:  5/5        EV: 13    Int: 15    God:    Ashenzari [......]
Gold:   268        SH:  4    Dex: 13    Spells: 4/5 levels left

rFire    + . .     SeeInvis .   s - +2 dagger (venom)
rCold    . . .     Gourm    .   f - +0 buckler
rNeg     . . .     Faith    .   (helmet restricted)
rPois    .         Spirit   .   (no amulet)
rElec    .         Reflect  .   (no ring)
rCorr    .         Harm     .   (no ring)
MR       .....                  (no ring)
Stlth    +++.......             (no ring)
HPRegen  0.09/turn              (no ring)
MPRegen  0.09/turn              (no ring)
                                (no ring)
                                (no ring)

@: no status effects
A: almost no armour, stealthy swim, amphibious, 8 rings, constrict 8, camouflage
1, fire resistance 1, gelatinous body 1, MP-powered wands
a: Curse Item, Renounce Religion


You were on level 4 of the Dungeon.
You worshipped Ashenzari.
Ashenzari was noncommittal.
You were not hungry.

You visited 1 branch of the dungeon, and saw 4 of its levels.

You collected 268 gold pieces.

Inventory:

Hand Weapons
 h - a +2 dagger of draining
 o - a +0 long sword
 s - a +2 dagger of venom (weapon)
Missiles
 b - 4 javelins (quivered)
 c - 2 throwing nets
 i - 84 stones
Armour
 f - a +0 buckler (worn)
Scrolls
 a - a scroll of remove curse
 j - a scroll of blinking {unknown}
 l - a scroll of teleportation {unknown}
 m - 2 scrolls of amnesia {unknown}
 n - a scroll of fear {unknown}
Potions
 e - a potion of agility
 g - a potion of might
 k - 5 potions of curing
 r - a potion of lignification {unknown}
Comestibles
 d - 7 rations


   Skills:
 * Level 1.9 Fighting
 * Level 1.5 Short Blades
 - Level 2.0 Throwing
 * Level 2.9 Dodging
 + Level 2.2 Stealth
 * Level 1.0 Shields
 - Level 1.0 Spellcasting
 - Level 3.1 Hexes


You had 4 spell levels left.
You knew the following spells:

 Your Spells              Type           Power        Failure   Level  Hunger
a - Corona                Hex            ##.....      10%         1    ##.....

Your spell library contained the following spells:

 Spells                   Type           Power        Failure   Level  Hunger
 Slow                     Hex            ##......     16%         2    ###....
 Inner Flame              Hex/Fire       #.......     50%         3    ####...
 Portal Projectile        Hex/Tloc       #.....       50%         3    ####...
 Cause Fear               Hex            ##........   69%         4    #####..
 Leda's Liquefaction      Hex/Erth       #.........   88%         4    #####..


Dungeon Overview and Level Annotations

Branches:
Dungeon (4/15)
 Temple: D:4-7

Altars:
Ashenzari
Hepliaklqana
Okawaru
Sif Muna
Wu Jian


Innate Abilities, Weirdness & Mutations

You cannot wear most types of armour.
You are very stealthy in the water. (Stealth+)
You are amphibious.
You can wear up to eight rings at the same time.
You can use your tentacles to constrict eight enemies at once.
Your skin changes colour to match your surroundings (Stealth+).
Your rubbery body absorbs attacks. (AC +1, EV +1)
Your flesh is heat resistant. (rF+)
You expend magic power (3 MP) to strengthen your wands.


Message History

You barely miss the iguana. Your grab misses the iguana.
The iguana is moderately wounded.
You block the iguana's attack.
You barely miss the iguana. Your grab misses the iguana.
The iguana is moderately wounded.
The iguana bites you!
You hit the iguana but do no damage.
The iguana is poisoned.
Your grab misses the iguana.
The iguana is moderately wounded.
The iguana barely misses you.
You hit the iguana but do no damage.
The iguana looks as sick as possible!
You grab the iguana.
You squeeze the iguana, but do no damage.
The iguana is moderately wounded.
You constrict the iguana. The iguana barely misses you.
You hit the iguana.
The iguana looks as sick as possible!
The iguana is heavily wounded.
You constrict the iguana, but do no damage.
The iguana bites you!
You die...

###########
#.........#
#.........# .
#.........####
..##.........<.#
.......(.....#.#
.......l.....#.#
.......@.....#.#
...........#.#.#
......##...#.#.#
####..##...#.#.#
#..........#....#
##.###..#.#.#####
# #..#.#...
....#.####.#
.....#.# #


You could see an iguana.

Vanquished Creatures
  2 adders
  2 worms
  2 dart slugs
  3 leopard geckos
  An orc (D:3)
  3 giant cockroaches (D:1)
  7 goblins
  9 hobgoblins
  A ball python (D:3)
  6 bats
  7 frilled lizards
  9 kobolds
  5 rats
57 creatures vanquished.

Notes
Turn   | Place    | Note
-------+----------+-------------------------------------------
     0 | D:1      | Esekla the Octopode Arcane Marksman began the quest for the Orb.
     0 | D:1      | Reached XP level 1. HP: 13/13 MP: 2/2
   140 | D:1      | Reached XP level 2. HP: 17/18 MP: 3/3
   406 | D:2      | Reached skill level 1 in Stealth
   406 | D:2      | Reached XP level 3. HP: 17/23 MP: 4/4
   538 | D:2      | Reached skill level 1 in Short Blades
   546 | D:2      | Found a hazy altar of Hepliaklqana.
   611 | D:2      | Gained mutation: You expend magic power (3 MP) to strengthen your wands. [potion of mutation]
   611 | D:2      | Gained mutation: Your flesh is heat resistant. (rF+) [potion of mutation]
   784 | D:3      | Found an ornate altar of the Wu Jian Council.
   786 | D:3      | Found an iron altar of Okawaru.
   789 | D:3      | Found a deep blue altar of Sif Muna.
   822 | D:3      | Reached XP level 4. HP: 29/29 MP: 5/5
   862 | D:3      | Reached skill level 1 in Shields
  1238 | D:2      | Found a shattered altar of Ashenzari.
  1343 | D:2      | Found a faded altar of an unknown god.
  1464 | D:2      | Became a worshipper of Ashenzari the Shackled
  1871 | D:4      | Slain by an iguana

Skill      XL: |  1  2  3  4 |
---------------+-------------+-----
Stealth        | 1 2 |  2.2
Short Blades   | 1 |  1.5
Shields        | 1 |  1.0
Fighting       | |  1.9
Throwing       | |  2.0
Dodging        | |  2.9
Spellcasting   | |  1.0
Hexes          | |  3.1

Action                   |  1- 3 |  4- 6 || total
-------------------------+-------+-------++-------
Melee: Dagger            |    50 |    51 ||   101
       Constrict         |    15 |    18 ||    33
       Unarmed           |     3 |       ||     3
       Tentacles         |     8 |     7 ||    15
Throw: Stone             |    12 |     4 ||    16
       Javelin           |     2 |     2 ||     4
  Use: Scroll            |     5 |     1 ||     6
       Potion            |     1 |       ||     1
 Stab: Sleeping          |    10 |     6 ||    16
  Eat: Ration            |       |     1 ||     1
Armor: Skin              |     2 |       ||     2
Dodge: Dodged            |    22 |    20 ||    42
Block: Buckler           |     6 |     5 ||    11
